 Dungeon Crawl Stone Soup version 0.23.1 (webtiles) character file.

Game seed: 0

3866 Irenicus the Geomancer (level 9, 0/68 HPs)
             Began as a Deep Dwarf Earth Elementalist on Mar 8, 2019.
             Was a Believer of Makhleb.
             Killed from afar by an electric eel (13 damage)
             ... with a bolt of electricity
             ... on level 8 of the Dungeon on Mar 9, 2019.
             The game lasted 00:46:14 (4511 turns).

Irenicus the Geomancer (DDEE)                       Turns: 4511, Time: 00:46:14

Health: 0/68       AC: 11    Str: 12      XL:     9   Next: 99%
Magic:  7/15       EV: 12    Int: 19      God:    Makhleb [**....]
Gold:   573        SH:  0    Dex: 12 (13) Spells: 0/16 levels left

rFire    + . .     SeeInvis +   A - +2 dagger (venom)
rCold    . . .     Gourm    +   (no shield)
rNeg     . . .     Faith    .   l - +0 leather armour
rPois    .         Spirit   .   (no helmet)
rElec    .         Reflect  .   o - +1 cloak
rCorr    .         Harm     .   (no gloves)
MR       +....                  v - +2 pair of boots
Stlth    +.........             k - amulet of the gourmand {Gourm, !d}
HPRegen  0.00/turn              p - ring of see invisible {sInv, !d}
MPRegen  0.14/turn              w - +3 ring of protection

@: confused, very slightly contaminated, non-regenerating
A: damage resistance, heal wounds, deterioration 1, fire resistance 1, sense
surroundings 2, no regeneration
a: Heal Wounds, Minor Destruction, Renounce Religion


You were on level 8 of the Dungeon.
You worshipped Makhleb.
Makhleb was pleased with you.
You were very full.

You visited 2 branches of the dungeon, and saw 9 of its levels.

You collected 813 gold pieces.
You spent 240 gold pieces at shops.

Inventory:

Hand Weapons
 i - a +2 dagger of speed
   (You found it on level 1 of the Dungeon)
 A - a +2 dagger of venom (weapon)
   (You took it off an orc wizard on level 7 of the Dungeon)
Missiles
 b - 47 stones (quivered)
Armour
 l - a +0 leather armour (worn)
   (You took it off a kobold on level 2 of the Dungeon)
 o - a +1 cloak (worn)
   (You took it off Crazy Yiuf on level 5 of the Dungeon)
 v - a +2 pair of boots (worn)
   (You found it on level 5 of the Dungeon)
Jewellery
 c - an uncursed amulet of rage {+Rage, !d}
   (You found it on level 3 of the Dungeon)
 k - an amulet of the gourmand (around neck) {Gourm, !d}
   (You found it on level 3 of the Dungeon)
 p - a ring of see invisible (left hand) {sInv, !d}
   (You took it off an orc on level 3 of the Dungeon)
 w - a +3 ring of protection (right hand)
   (You found it on level 5 of the Dungeon)
Wands
 t - a wand of iceblast (5)
   (You took it off Ijyb on level 4 of the Dungeon)
 y - a wand of flame (16)
   (You took it off a big kobold on level 8 of the Dungeon)
Scrolls
 g - 4 scrolls of remove curse
 h - 4 scrolls of amnesia
 j - 3 scrolls of identify
 n - a scroll of holy word {!r}
 r - 2 scrolls of teleportation
 s - a scroll of magic mapping {!r}
Potions
 a - a potion of berserk rage {!q}
 e - a potion of curing
 f - a potion of flight
 m - a potion of lignification {!q}
 q - 3 potions of cancellation
 u - 3 potions of agility
 x - 2 potions of resistance
Comestibles
 d - 22 rations


   Skills:
 - Level 4.5 Short Blades
 - Level 2.1 Dodging
 - Level 5.1 Stealth
 - Level 4.0 Spellcasting
 - Level 6.4 Necromancy
 - Level 4.1 Translocations
 * Level 0.8 Transmutations
 + Level 12.8 Earth Magic
 - Level 1.3 Evocations


You couldn't memorise any spells.
You knew the following spells:

 Your Spells              Type           Power        Failure   Level  Hunger
a - Sandblast             Erth           ######       1%          1    None
b - Blink                 Tloc           N/A          4%          2    ##.....
c - Petrify               Tmut/Erth      ####....     11%         4    ####...
g - Apportation           Tloc           ###...       3%          1    None
w - Passwall              Tmut/Erth      ####....     1%          2    ##.....
z - Lee's Rapid Deconstr  Erth           ######....   2%          5    ######.
A - Animate Skeleton      Necr           N/A          1%          1    None

Your spell library contained the following spells:

 Spells                   Type           Power        Failure   Level  Hunger
 Stone Arrow              Conj/Erth      ####..       3%          3    ###....
 Confusing Touch          Hex            #.....       17%         1    None
 Corona                   Hex            #......      17%         1    None
 Magic Dart               Conj           #...         17%         1    None
 Summon Small Mammal      Summ           #...         17%         1    None
 Call Imp                 Summ           #.......     26%         2    ##.....
 Ensorcelled Hibernation  Hex/Ice        #.....       26%         2    ##.....
 Slow                     Hex            #.......     26%         2    ##.....
 Confuse                  Hex            #.......     45%         3    ###....
 Conjure Flame            Conj/Fire      #.......     45%         3    ###....
 Dazzling Spray           Conj/Hex       #.....       45%         3    ###....
 Mephitic Cloud           Conj/Pois/Air  #.......     45%         3    ###....
 Tukima's Dance           Hex            #.......     45%         3    ###....


Dungeon Overview and Level Annotations

Branches:
Dungeon (8/15)             Temple (1/1) D:5
   Lair: D:8-11

Altars:
Cheibriados
Dithmenos
Elyvilon
Gozag
Hepliaklqana
Makhleb
Nemelex Xobeh
Okawaru
Ru
Trog
Vehumet
Wu Jian
Xom
Zin

Shops:
D:5 (:%}(   D:8 *


Innate Abilities, Weirdness & Mutations

You are resistant to damage.
You can heal yourself by infusing magical energy.
You passively map the area around you.
You do not regenerate.
Your body sometimes deteriorates upon taking damage.
Your flesh is heat resistant. (rF+)


Message History

The orc warrior hits you with a +0 hand axe!
An orc comes into view.
You take 6 damage, and have 32/68 hp.
You hit the orc warrior but do no damage.
The worker ant closely misses you.
The orc warrior hits you with a +0 hand axe!
You take 5 damage, and have 27/68 hp.
You hit the orc warrior.
The orc warrior is poisoned.
The worker ant bites you but does no damage.
The worker ant bites you but does no damage.
You closely miss the worker ant.
The worker ant bites you but does no damage.
You closely miss the worker ant. The worker ant bites you!
You are poisoned.
The worker ant poisons you!
You take 6 damage, and have 21/68 hp.
The worker ant bites you but does no damage.
The orc shouts!
You hit the worker ant but do no damage.
The worker ant barely misses you.
You hit the worker ant but do no damage.
The worker ant is poisoned.
The worker ant bites you but does no damage.
The worker ant waves its antennae.
You hit the worker ant but do no damage.
The worker ant looks as sick as possible!
The worker ant barely misses you.
Okay, then.
Okay, then.
Okay, then.
You kill the worker ant!
Makhleb accepts your kill.
You feel better.
You regained 4 hp, and now have 25/68 hp.
You barely miss the orc warrior. The orc warrior completely misses you.
You kill the orc warrior!
Makhleb accepts your kill.
You feel better.
Your Evocations skill increases to level 1!
You regained 4 hp, and now have 29/68 hp.
Aim: an orc, wearing a +0 ring mail The blast of sand misses the orc.
b - 49 stones
Aim: an orc, wearing a +0 ring mail The blast of sand hits the orc!!
You kill the orc!
Makhleb accepts your kill.
You feel better.
b - 48 stones You now have 4/15 mp.
Aim: an orc, wielding a +0 club and wearing a +0 leather armour The blast of sand hits the orc!
You kill the orc!
Makhleb accepts your kill.
b - 47 stones You now have 3/15 mp.
You are no longer poisoned.
Items here: )) [[[ a +0 club; a +0 leather armour; a +0 ring mail; a +0 hand axe a +0 plate armour
Found a stone staircase leading down.
An electric eel comes into view.
Okay, then.
Okay, then.
Okay, then.
Aim: an orc warrior, wielding a +0 long sword and wearing a +0 chain mail (hasn't noticed you, chance to defeat MR: 58%)
The orc warrior shouts!
The orc warrior resists with significant effort.
You now have 9/15 mp.
You can't see any susceptible monsters within range! (Use Z to cast anyway.)
Aim: an orc warrior, wielding a +0 long sword and wearing a +0 chain mail
Okay, then.
Aim: an orc warrior, wielding a +0 long sword and wearing a +0 chain mail (chance to defeat MR: 58%)
The orc warrior resists with significant effort.
You now have 5/15 mp.
Aim: an orc warrior, wielding a +0 long sword and wearing a +0 chain mail (chance to defeat MR: 58%)
You miscast Petrify.
You are very lightly contaminated with residual magic.
You feel gritty.
The orc warrior hits you but does no damage.
You now have 2/15 mp.
Okay, then.
The orc shouts!
You hit the orc.
The orc is poisoned.
You hear a shout!
The orc warrior hits you with a +0 long sword!
You take 4 damage, and have 26/68 hp.
You closely miss the orc warrior. The orc closely misses you.
The orc priest invokes the aid of Beogh against you.
Beogh smites you!
* * * LOW HITPOINT WARNING * * *
You take 14 damage, and have 12/68 hp.
MASSIVE DAMAGE!!
You are confused.
You feel invigorated.
The orc warrior hits you with a +0 long sword.
* * * LOW HITPOINT WARNING * * *
The orc barely misses you.
The electric eel shoots out a bolt of lightning at you!
The bolt of electricity hits you!
You die...

##................... , ***,
......(................#, *
*
.......................#..,*
,
.........<.#..........##.,,*
.........>###....?......,
..........###..........# *.
.......................###.
...............o........$..
, **
..........o##,,#@...≈≈..#
............####o...≈≈≈## *
* ............o..#o....≈≈≈#
, ..###.........##.....#≈≈≈#
, ...###.......o.......#
;≈≈# ...##.....#....o.....#
≈≈≈ *
...###....###.>......#, ≈≈ ,
..........##.....##..# ≈ ≈
.................###.# *


You could see an orc warrior, an electric eel, an orc priest and 2 orcs.

Vanquished Creatures
  Joseph (D:8)
  Sigmund (D:4)
  2 humans (D:7)
  A hungry ghost (D:7)
  Grum (D:8)
  Menkaure (D:7)
  2 orc warriors (D:8)
  2 ogres
  A phantom (D:6)
  2 centaurs
  4 wolves
  A big kobold (D:8)
  4 bullfrogs
  7 scorpions
  2 howler monkeys
  2 crimson imps (D:6)
  A quasit (D:8)
  3 hounds
  2 bullfrog skeletons
  Crazy Yiuf (D:5)
  5 orc priests
  A jelly (D:5)
  7 orc wizards
  Ijyb (D:4)
  3 iguanas
  2 worker ants
  A hound zombie (D:8)
  2 hound skeletons (D:4)
  2 worker ant zombies
  4 gnolls (D:2)
  4 adders
  A shadow imp (D:5)
  An ooze (D:2)
  2 adder skeletons
  3 worms
  3 dart slugs
  3 leopard geckos
  36 orcs
  4 ball pythons
  6 giant cockroaches
  5 goblins
  8 hobgoblins
  5 quokkas
  9 bats
  2 frilled lizards (D:4)
  A jackal zombie (D:8)
  9 kobolds
  15 rats
186 creatures vanquished.

Notes
Turn   | Place    | Note
-------+----------+-------------------------------------------
     0 | D:1      | Irenicus the Deep Dwarf Earth Elementalist began the quest
                  | for the Orb.
     0 | D:1      | Reached XP level 1. HP: 15/15 MP: 3/3
   396 | D:1      | Reached XP level 2. HP: 22/22 MP: 0/4
   467 | D:1      | Reached skill level 5 in Earth Magic
   545 | D:1      | Learned a level 2 spell: Passwall
   584 | D:1      | Reached skill level 2 in Spellcasting
   785 | D:2      | Found an opulent altar of Gozag.
   793 | D:2      | Irenicus: ?? speed
   793 | D:2      | beem: speed[1/2]: A brand that lets you attack 1.5 times as
                  | fast. Weapons that can get the speed brand: short blades
                  | (except quick blade), staves, artefacts.
   799 | D:2      | Found a faded altar of an unknown god.
   843 | D:2      | Reached XP level 3. HP: 17/28 MP: 6/6
   934 | D:2      | Reached skill level 1 in Short Blades
   952 | D:2      | Reached skill level 2 in Short Blades
   952 | D:2      | Reached XP level 4. HP: 19/36 MP: 0/7
  1277 | D:3      | HP: 8/36 [hobgoblin/+0 club (3)]
  1314 | D:3      | HP: 7/36 [goblin (1)]
  1426 | D:3      | Reached skill level 3 in Short Blades
  1426 | D:3      | Reached XP level 5. HP: 8/42 MP: 5/8
  1817 | D:3      | Reached skill level 4 in Short Blades
  1928 | D:4      | Reached XP level 6. HP: 20/49 MP: 5/9
  2036 | D:4      | Noticed Sigmund
  2044 | D:4      | Killed Sigmund
  2044 | D:4      | Reached skill level 6 in Earth Magic
  2153 | D:4      | Noticed Ijyb
  2171 | D:4      | Killed Ijyb
  2171 | D:4      | Reached skill level 7 in Earth Magic
  2422 | D:4      | Reached XP level 7. HP: 42/55 MP: 5/10
  2536 | D:4      | Reached skill level 8 in Earth Magic
  2599 | D:5      | Entered Level 5 of the Dungeon
  2599 | D:5      | Found Xuteciz's Gadget Shoppe.
  2605 | D:5      | Irenicus: ?? lamp of fire
  2605 | D:5      | beem: lamp of fire[1/1]: The fire {elemental evoker}. Evoke
                  | to aim the lamp at a square, creating one to three friendly
                  | fire elementals (depending on your Evocations) that each
                  | produce a flame cloud trail.
  2745 | D:5      | Found a runed translucent door.
  2746 | D:5      | Noticed Crazy Yiuf
  2757 | D:5      | Killed Crazy Yiuf
  2790 | D:5      | Found Hain's Book Shop.
  2807 | D:5      | Bought a book of Cantrips for 240 gold pieces
  2809 | D:5      | Learned a level 1 spell: Animate Skeleton
  2811 | D:5      | Learned a level 1 spell: Apportation
  2824 | D:5      | Found Qine's Food Shop.
  2842 | D:5      | Found an ornate altar of the Wu Jian Council.
  2868 | D:5      | Irenicus: ?? food shop
  2868 | D:5      | beem: I don't have a page labeled food_shop in my learndb.
  2874 | D:5      | Found a staircase to the Ecumenical Temple.
  2890 | Temple   | Entered the Ecumenical Temple
  2915 | Temple   | Became a worshipper of Makhleb the Destroyer
  2975 | D:5      | Reached skill level 1 in Translocations
  3012 | D:5      | Reached skill level 9 in Earth Magic
  3018 | D:5      | Found Zat Pymp's Antique Weapon Shop.
  3102 | D:5      | Reached skill level 3 in Spellcasting
  3102 | D:5      | Reached skill level 2 in Translocations
  3139 | D:5      | Found Gegoecos's Weapon Emporium.
  3181 | D:6      | Found a sparkling altar of Nemelex Xobeh.
  3188 | D:6      | Reached XP level 8. HP: 25/62 MP: 7/12
  3200 | D:6      | HP: 12/62 [iguana (4)]
  3201 | D:6      | HP: 5/62 [iguana (7)]
  3318 | D:6      | Reached skill level 3 in Translocations
  3358 | D:6      | Reached * piety under Makhleb
  3407 | D:6      | Reached skill level 10 in Earth Magic
  3413 | D:6      | Reached skill level 4 in Spellcasting
  3440 | D:6      | Gained mutation: Your body sometimes deteriorates upon
                  | taking damage. [potion of mutation]
  3440 | D:6      | Gained mutation: Your flesh is heat resistant. (rF+)
                  | [potion of mutation]
  3442 | D:6      | Reached skill level 4 in Translocations
  3619 | D:6      | Learned a level 5 spell: Lee's Rapid Deconstruction
  3689 | D:7      | Reached skill level 1 in Necromancy
  3691 | D:7      | Reached skill level 3 in Stealth
  3694 | D:7      | Reached skill level 2 in Necromancy
  3730 | D:7      | Reached skill level 4 in Stealth
  3735 | D:7      | Found an iron altar of Okawaru.
  3746 | D:7      | Reached skill level 3 in Necromancy
  3774 | D:7      | Reached skill level 5 in Stealth
  3774 | D:7      | Gained mutation: You passively map the area around you.
                  | [Deep Dwarf growth]
  3774 | D:7      | Reached XP level 9. HP: 33/68 MP: 0/15
  3819 | D:7      | Reached skill level 4 in Necromancy
  3883 | D:7      | Noticed Menkaure
  3891 | D:7      | Killed Menkaure
  3891 | D:7      | Reached skill level 5 in Necromancy
  4000 | D:8      | Noticed Grum
  4001 | D:8      | Reached skill level 6 in Necromancy
  4023 | D:8      | Noticed Joseph
  4061 | D:8      | Reached ** piety under Makhleb
  4067 | D:8      | Learned a level 4 spell: Petrify
  4070 | D:8      | Learned a level 2 spell: Blink
  4149 | D:8      | Reached skill level 11 in Earth Magic
  4150 | D:8      | Killed Grum
  4192 | D:8      | Found Qadd's General Store.
  4343 | D:8      | Reached skill level 12 in Earth Magic
  4351 | D:8      | HP: 17/68 [Joseph/sling bullet (8)]
  4357 | D:8      | Killed Joseph
  4421 | D:8      | Reached skill level 1 in Evocations
  4510 | D:8      | HP: 12/68 [orc priest/divine providence (14)]
  4511 | D:8      | Killed from afar by an electric eel

Skill      XL: |  1  2  3  4  5  6  7  8  9 |
---------------+----------------------------+-----
Earth Magic    | 5 7 9 10 12 | 12.8
Spellcasting   | 2 3 4 |  4.0
Short Blades   | 2 3 4 |  4.5
Translocations | 2 4 |  4.1
Necromancy     | 3 6 |  6.4
Stealth        | 5 |  5.1
Evocations     | 1 |  1.3
Dodging        | |  2.1
Transmutations | |  0.8

Action                   |  1- 3 |  4- 6 |  7- 9 || total
-------------------------+-------+-------+-------++-------
Melee: Unarmed           |     4 |       |       ||     4
       Dagger            |    39 |    93 |    60 ||   192
       Club              |     4 |       |       ||     4
 Cast: Sandblast         |    42 |    85 |   162 ||   289
       Passwall          |     5 |     7 |    10 ||    22
       Apportation       |       |       |    18 ||    18
       Animate Skeleton  |       |       |     4 ||     4
       Petrify           |       |       |     4 ||     4
 Abil: Heal Wounds       |       |     1 |     1 ||     2
Evoke: Wand              |       |       |     7 ||     7
  Use: Scroll            |       |     5 |    12 ||    17
       Potion            |       |     5 |     6 ||    11
 Stab: Sleeping          |     2 |     4 |     5 ||    11
  Eat: Chunk             |       |    14 |    11 ||    25
Armor: Robe              |    18 |     1 |       ||    19
       Leather armour    |       |    24 |    54 ||    78
       Skin              |       |     7 |       ||     7
Dodge: Dodged            |    32 |    57 |    98 ||   187

Levels and vault maps discovered:
D:1:      matt_arrival_grand_opening, layout_basic
D:2:      layout_basic, grunt_gozag_statues, chequers_ecumenical_altar_simple
D:3:      minmay_razor_zed, layout_rooms
D:4:      minmay_polygon_palace, layout_loops_ring, serial_bayou,
          serial_bayou_ford_a, serial_bayou_shore_b, serial_bayou_shore_a,
          serial_bayou_pond_e, lemuel_flame_loot_1, uniq_sigmund, uniq_pikel,
          uniq_ijyb
D:5:      layout_gridville, lemuel_crystal_altar,
          minmay_temple_entry_large_hall, first_ration, serial_shops,
          kennysheep_mini, shop, kennysheep_little_box, shop_fountains,
          nicolae_shop_trees, uniq_crazy_yiuf_cottage
D:6:      layout_loops_ring, basic_altar
D:7:      layout_rooms, okawaru_humans, uniq_menkaure
D:8:      layout_cave_pools, gammafunk_temple_overflow_claw,
          serial_column_ruins, column_ruins_grid_4, column_ruins_open_tiny,
          column_ruins_open_tiny, column_ruins_grid_3, column_ruins_grid_1,
          serial_shops, nicolae_shop_waterfront, blue_anna_alchemist
          [blue_anna_fruit_fields, blue_anna_fruit_fields],
          kennysheep_opposing_triangles, uniq_joseph, uniq_grum
Temple:   nicolae_temple_elliptical

Table legend:
 A = Turns spent in this place as a percentage of turns spent in the entire game.
 B = Non-inter-level travel turns spent in this place as a percentage of non-inter-level travel turns spent in the entire game.
 C = Inter-level travel turns spent in this place as a percentage of turns spent in this place.
 D = Turns resting spent in this place as a percentage of non-inter-level travel turns spent in this place.
 E = Turns spent auto-exploring this place as a percentage of non-inter-level travel turns spent in this place.
 F = Non-inter-level travel turns spent in this place divided by the number of levels of this place that you've seen.
                   A       B       C       D       E      F
               +-------+-------+-------+-------+-------+----------------------
         Total | 100.0 | 100.0 |   0.0 |   0.4 |   0.0 | 501.2
       Dungeon |  98.9 |  98.9 |   0.0 |   0.4 |   0.0 | 557.6
        Temple |   1.1 |   1.1 |   0.0 |   0.0 |   0.0 |  50.0
               +-------+-------+-------+-------+-------+----------------------

Table legend:
 A = Kills in this place as a percentage of kills in entire the game.
 B = Kills by you in this place as a percentage of kills by you in the entire game.
 C = Kills by friends in this place as a percentage of kills by friends in the entire game.
 D = Other kills in this place as a percentage of other kills in the entire game.
 E = Experience gained in this place as a percentage of experience gained in the entire game.
 F = Experience gained in this place divided by the number of levels of this place that you have seen.
                   A       B       C       D       E      F
               +-------+-------+-------+-------+-------+----------------------
         Total | 100.0 | 100.0 |   N/A |   N/A | 100.0 | 613.8
       Dungeon | 100.0 | 100.0 |   N/A |   N/A | 100.0 | 690.5
               +-------+-------+-------+-------+-------+----------------------
